 Dungeon Crawl Stone Soup version 0.29-a0-321-gf1c400731a (webtiles) character file.

Game seed: 15101648103303250762

32 Leszczynek the Chopper (level 3, 0/28 HPs)
             Began as a Human Gladiator on Apr 4, 2022.
             Slain by a goblin
             ... wielding a +0 club
             ... led by Robin
              (3 damage)
             ... on level 2 of the Dungeon.
             The game lasted 00:03:31 (310 turns).

Leszczynek the Chopper (Human Gladiator)             Turns: 310, Time: 00:03:32

Health: 0/28       AC:  6    Str: 14    XL:     3   Next: 42%
Magic:  3/3        EV: 11    Int: 10    God:
Gold:   69         SH:  0    Dex: 14    Spells: 3/3 levels left

rFire   . . .      SeeInvis .   a - +0 war axe
rCold   . . .      Faith    .   (no shield)
rNeg    . . .      Spirit   .   g - +0 ring mail
rPois   .          Reflect  .   c - +0 helmet
rElec   .          Harm     .   (no cloak)
rCorr   .          Rampage  .   (no gloves)
Will    .....                   (no boots)
Stlth   +.........              (no amulet)
HPRegen 0.09/turn               (no ring)
MPRegen 0.08/turn               (no ring)

@: no status effects
A: no striking features
a: no special abilities


You were on level 2 of the Dungeon.
You visited 1 branch of the dungeon, and saw 2 of its levels.

You collected 69 gold pieces.

Inventory:

Hand Weapons
 a - a +0 war axe (weapon)
Missiles
 e - a javelin (quivered)
Armour
 b - a +0 leather armour
 c - a +0 helmet (worn)
 g - a +0 ring mail (worn)
Scrolls
 f - 4 scrolls of identify {unknown}
 h - a scroll of torment {unknown}


   Skills:
 * Level 2.7 Fighting
 - Level 3.2 Axes
 - Level 2.1 Throwing
 - Level 3.1 Dodging
 + Level 0.7 Unarmed Combat
 + Level 0.5 Spellcasting


You had 3 spell levels left.
You didn't know any spells.
Your spell library contained the following spells:

 Spells                   Type           Power      Damage    Failure   Level
 Beastly Appendage        Tmut           0%         N/A       58%         1
 Static Discharge         Conj/Air       0%         N/A       75%         2
 Wereblood                Tmut           0%         N/A       75%         2
 Spider Form              Tmut/Pois      0%         N/A       92%         3
 Dispel Undead            Necr           0%         3d6       100%        4
 Sticky Flame             Conj/Fire      0%         2d3       100%        4


Dungeon Overview and Level Annotations

Branches:
Dungeon (2/15)

Altars:


Message History

You throw a throwing net.
The throwing net barely misses the hobgoblin.
The throwing net hits the goblin.
The goblin is caught in the net!
The goblin struggles against the net.
The goblin hits you with a +0 club.
* * * LOW HITPOINT WARNING * * *
The hobgoblin hits you.
* * * LOW HITPOINT WARNING * * *
The goblin hits you but does no damage.
You hit the hobgoblin.
The hobgoblin is heavily wounded.
You hit the goblin. x2
You kill the goblin!
The goblin struggles against the net.
The goblin barely misses you. The hobgoblin hits you.
* * * LOW HITPOINT WARNING * * *
Unknown command.
You aren't carrying any potions.
You barely miss the hobgoblin.
The hobgoblin is heavily wounded.
You barely miss the goblin. The goblin hits you with a +0 club.
* * * LOW HITPOINT WARNING * * *
The goblin struggles against the net.
The hobgoblin hits you but does no damage.
The goblin barely misses you.
The goblin struggles against the net.
The hobgoblin closely misses you.
Unknown command.
Unknown command.
You hit the hobgoblin.
You kill the hobgoblin!
You barely miss the goblin.
The goblin struggles against the net.
The net rips apart, and the goblin comes free!
The goblin closely misses you.
Unknown command.
You barely miss the goblin. You hit the goblin.
You kill the goblin!
The goblin barely misses you.
Unknown command.
You closely miss the goblin. You barely miss the goblin.
The goblin hits you but does no damage. The goblin hits you with a +0 club.
You die...

. .# #####.#
##.....##.#
######.......#.#
###....#..........
##......'..........
##.......#.)).......
##.....######@)......
#....### #gg.....)
##..g### #)......#
#....##lg ####........
#...## rl.#........###
#...# .$#.....[..#
#g..#######........#
..##'###..<..........#
.....#.......##....###


You could see 2 goblins.

Vanquished Creatures
  Robin (D:2)
  2 dart slugs (D:1)
  A ball python (D:1)
  An endoplasm (D:1)
  6 goblins (D:2)
  2 hobgoblins (D:2)
  A bat (D:1)
  A frilled lizard (D:1)
  A kobold (D:1)
  A rat (D:1)
17 creatures vanquished.

Notes
Turn   | Place    | Note
-------+----------+-------------------------------------------
     0 | D:1      | Leszczynek the Human Gladiator began the quest for the Orb.
     0 | D:1      | Reached XP level 1. HP: 16/16 MP: 1/1
   125 | D:1      | Reached XP level 2. HP: 8/22 MP: 2/2
   274 | D:2      | Noticed Robin
   301 | D:2      | Killed Robin
   302 | D:2      | Reached XP level 3. HP: 16/28 MP: 3/3
   306 | D:2      | HP: 4/28 [hobgoblin[Robin] (2)]
   310 | D:2      | Slain by a goblin

Illustrated notes

Levels and vault maps discovered:
D:1:      psy_arrival_terrarium, layout_rooms
D:2:      layout_basic, lightli_corner_chamber, uniq_robin

Action                   || total
-------------------------++-------
Melee: War axe           ||    33
Throw: Throwing net      ||     3
 Stab: Held in net/web   ||     1
Armor: Leather armour    ||     4
       Ring mail         ||    10
Dodge: Dodged            ||    27

Table legend: (Time is in decaauts)
 A = Elapsed time spent in this place.
 B = Non-inter-level travel time spent in this place.
 C = Inter-level travel time spent in this place.
 D = Time resting spent in this place.
 E = Time spent auto-exploring this place.
 F = Levels seen in this place.
 G = Mean time per level.
                   A        B        C        D        E       F      G
               +--------+--------+--------+--------+--------+-----+--------+
         Total |    319 |    309 |     10 |      0 |      0 |   2 |  159.5 |
       Dungeon |    319 |    309 |     10 |      0 |      0 |   2 |  159.5 |
               +--------+--------+--------+--------+--------+-----+--------+

Top non-repeatable levels by time:
     D:1: 242 daAuts
     D:2: 77 daAuts
